 Dungeon Crawl Stone Soup version 0.31.0-1-g2c135a008e (webtiles) character file.

Game seed: 123540045623264822

26 qw the Shooter (level 3, 0/28 HPs)
             Began as a Djinni Hunter on Jan 23, 2024.
             Slain by a hobgoblin (3 damage)
             ... on level 2 of the Dungeon.
             The game lasted 00:00:02 (637 turns).

qw the Shooter (Djinni Hunter)                       Turns: 637, Time: 00:00:03

Health: 0/28       AC:  5    Str: 10    XL:     3   Next: 22%
Gold:   68         EV: 11    Int: 10    God:
                   SH:  0    Dex: 18

rFire   + + .        a - +0 shortbow
rCold   x . .        (shield currently unavailable)
rNeg    . . .        g - +0 ring mail
rPois   inf          (no helmet)
rElec   .            (no cloak)
rCorr   .            (no gloves)
SInv    .            (boots unavailable)
Will    .....        (no amulet)
Stlth   +            (no ring)
HPRegen 0.24/turn    (no ring)
MPRegen 0.00/turn

%: infuse magic (-1 HP)
@: flying
A: sickness immunity, fire resistance 2, cold vulnerability 1, float, innate
caster, HP casting, extra vitality 1
a: no special abilities


You were on level 2 of the Dungeon.
You visited 1 branch of the dungeon, and saw 2 of its levels.

You collected 68 gold pieces.


Innate Abilities, Weirdness & Mutations

You are immune to sickness and miasma.
You are immune to poison.
Your flesh is very heat resistant. (rF++)
You are vulnerable to cold. (rC-)
You float through the air rather than walking.
You learn spells naturally, not from books.
Your magical power is your life essence.
You have superior vitality. (+4 MHP)


   Skills:
 - Level 2.0 Fighting
 - Level 4.1 Ranged Weapons
 + Level 0.0 Armour
 - Level 2.1 Dodging
 - Level 0.7 Stealth


You knew the following spells:

 Your Spells              Type           Power      Damage    Failure   Level
a - Apportation           Tloc           0%         N/A       69%         1
Your spell library was empty.

Inventory:

Hand Weapons
 a - a +0 shortbow (weapon)
Armour
 g - a +0 ring mail (worn)
Potions
 h - a potion of haste

Dungeon Overview and Level Annotations

Branches:
Dungeon (2/15)

Altars:

Shops:
D:1 [


Message History

You shoot an arrow. The arrow barely misses the adder.
The quokka twitches its whiskers.
The quokka bites you. The adder bites you. The quokka closely misses you.
The adder barely misses you.
You shoot an arrow. The arrow barely misses the adder.
The quokka closely misses you. The adder bites you.
The quokka barely misses you.
You shoot an arrow. The arrow hits the adder.
You kill the adder!
The quokka closely misses you. The hobgoblin hits you.
Your Ranged Weapons skill increases to level 4!
You have reached level 3!
Your experience leads to an increase in your attributes!
Increase (S)trength, (I)ntelligence, or (D)exterity?
You feel agile. x2
The power to cast Apportation wells up from within.
Spell assigned to 'a'.
You shoot an arrow. The arrow hits the hobgoblin.
The hobgoblin is severely wounded.
The quokka barely misses you. The hobgoblin barely misses you.
The quokka bites you.
You shoot an arrow.
The arrow completely misses the hobgoblin.
The quokka bites you but does no damage.
The hobgoblin hits you but does no damage.
The quokka bites you but does no damage.
The hobgoblin hits you but does no damage.
You shoot an arrow. The arrow closely misses the hobgoblin.
The quokka closely misses you. The hobgoblin misses you.
You shoot an arrow.
The arrow hits the hobgoblin but does no damage.
The hobgoblin is severely wounded.
The quokka closely misses you. The hobgoblin barely misses you.
The quokka misses you.
You shoot an arrow. The arrow hits the hobgoblin.
The hobgoblin is almost dead.
The quokka closely misses you. The hobgoblin closely misses you.
The quokka bites you but does no damage.
The hobgoblin hits you.
You die...

#........#
#.......K#
#........#
#........#
#.......g#
#....<...#
#........#
#.......g######
#.......Kr@...#
#........g#...#
#.........#.#.#
####........#
..
######.....#(.#
#..#.## .#
#...... .
#....#.#
###...#


You could see a quokka, 2 hobgoblins and a kobold.

Vanquished Creatures
  An adder (D:2)
  A dart slug (D:1)
  2 goblins (D:1)
  2 hobgoblins (D:1)
  2 jackals (D:1)
  2 ball pythons (D:2)
  2 bats
  A kobold (D:2)
  3 rats (D:1)
16 creatures vanquished.

Notes
Turn   | Place    | Note
-------+----------+-------------------------------------------
     0 | D:1      | qw the Djinni Hunter began the quest for the Orb.
     0 | D:1      | Reached XP level 1. HP: 18/18 MP: 0/0
     0 | D:1      | 0 ||| qw: Version: 0.3-a-135-gb77e89d
     0 | D:1      | 0 ||| qw: Game counter: 851
     0 | D:1      | 0 ||| qw: Melee chars always use a shield: true
     0 | D:1      | 0 ||| qw: God list: Okawaru
     0 | D:1      | 0 ||| qw: Allow faded altars: false
     0 | D:1      | 0 ||| qw: Do Orc after clearing Dungeon:15 true
     0 | D:1      | 0 ||| qw: Do second Lair branch before Depths: true
     0 | D:1      | 0 ||| qw: Lair rune preference: random
     0 | D:1      | 0 ||| qw: Goals: Normal
     0 | D:1      | 0 ||| PLANNING D:1-11
   111 | D:1      | Found Agiget Otz's Antique Armour Shoppe.
   117 | D:1      | 117 ||| SHOPLISTING dyed leather armour (115 gold, have 0).
   117 | D:1      | 117 ||| SHOPLISTING helmet (103 gold, have 0).
   117 | D:1      | 117 ||| SHOPLISTING pair of embroidered gloves (172 gold,
                  | have 0).
   117 | D:1      | 117 ||| SHOPLISTING pair of gloves (103 gold, have 0).
   174 | D:1      | Found a faded altar of an unknown god.
   177 | D:1      | Reached XP level 2. HP: 23/23 MP: 0/0
   554 | D:1      | 554 ||| UPGRADING to +0 ring mail.
   564 | D:1      | 564 ||| DROPPING +0 leather armour.
   565 | D:1      | 565 ||| DROPPING +6 ring of intelligence.
   566 | D:1      | 566 ||| READING scroll labelled WAODUTTAEDIN.
   567 | D:1      | 567 ||| READING scroll labelled WIMOTI OZILIRY.
   567 | D:1      | 567 ||| IDENTIFYING emerald potion
   568 | D:1      | 568 ||| DRINKING 2 sedimented clear potions.
   569 | D:1      | 569 ||| DROPPING scroll of butterflies.
   570 | D:1      | 570 ||| DROPPING potion of attraction.
   621 | D:2      | 621 ||| RETREEEEATING.
   622 | D:2      | 622 ||| RETREEEEATING.
   623 | D:2      | 623 ||| RETREEEEATING.
   624 | D:2      | 624 ||| RETREEEEATING.
   625 | D:2      | 625 ||| RETREEEEATING.
   626 | D:2      | 626 ||| RETREEEEATING.
   627 | D:2      | 627 ||| RETREEEEATING.
   632 | D:2      | HP: 3/23 [hobgoblin (4)]
   633 | D:2      | Reached skill level 4 in Ranged Weapons
   633 | D:2      | Reached XP level 3. HP: 3/28 MP: 0/0
   633 | D:2      | Learned a level 1 spell: Apportation
   637 | D:2      | Slain by a hobgoblin

Levels and vault maps discovered:
D:1:      lemuel_arrival_hallway, layout_basic, basic_ecumenical_altar,
          serial_shops, nicolae_shop_tiny_statue_garden
D:2:      layout_basic, eino_tiny_chamber, minmay_circle_x

Skill      XL: |  1  2 |
---------------+-------+-----
Ranged Weapons | 4 |  4.1
Fighting       | |  2.0
Dodging        | |  2.1
Stealth        | |  0.7

Action                     || total
---------------------------++-------
   Fire: Shortbow          ||    52
    Use: Scroll            ||     2
         Potion            ||     1
 Armour: Leather armour    ||     9
         Ring mail         ||    21
  Dodge: Dodged            ||    37

Table legend:
 A = Non-vault XP
 B = Vault XP
 C = Vault XP percentage of total XP
 D = Non-vault monster count
 E = Vault monster count
 F = Vault count percentage of total count
                 A         B        C        D         E       F
            +---------+---------+-------+---------+---------+-------
      Total |      38 |       0 |   0.0 |      16 |       0 |   0.0
            +---------+---------+-------+---------+---------+-------
        D:1 |      20 |       0 |   0.0 |      11 |       0 |   0.0
        D:2 |      18 |       0 |   0.0 |       5 |       0 |   0.0
            +---------+---------+-------+---------+---------+-------
